 Dungeon Crawl Stone Soup version 0.28.0-49-g6dfe1f597d (webtiles) character file.

Game seed: 18362056771001834817

658 Dreadrock the Chopper (level 7, -4/96 HPs)
             Began as a Deep Dwarf Berserker on May 11, 2022.
             Was a Believer of Trog.
             Slain by a hornet (5 damage)
             ... on level 4 of the Dungeon.
             The game lasted 00:10:43 (3035 turns).

Dreadrock the Chopper (Deep Dwarf Berserker)        Turns: 3035, Time: 00:10:44

Health: -4/96      AC:  9    Str: 23    XL:     7   Next: 30%
Magic:  7/7        EV:  9    Int:  7    God:    Trog [**....]
Gold:   173        SH:  0    Dex: 12    Spells: 6/6 levels left

rFire   . . .      SeeInvis .   h - +0 war axe
rCold   . . .      Faith    .   (no shield)
rNeg    . . .      Spirit   .   i - +0 chain mail
rPois   .          Reflect  .   (no helmet)
rElec   .          Harm     .   (no cloak)
rCorr   .          Rampage  .   (no gloves)
Will    +....                   (no boots)
Stlth   ..........              (no amulet)
HPRegen 0.00/turn               (no ring)
MPRegen 0.10/turn               (no ring)

@: berserking (expiring), lethally poisoned (-4 -> -4), slowed
A: damage resistance, heal wounds, sense surroundings 1, no regeneration
a: Heal Wounds, Renounce Religion, Berserk, Trog's Hand


You were on level 4 of the Dungeon.
You worshipped Trog.
Trog was pleased with you.
You visited 1 branch of the dungeon, and saw 4 of its levels.

You collected 173 gold pieces.

Inventory:

Hand Weapons
 h - a +0 war axe (weapon)
Armour
 i - a +0 chain mail (worn)
Jewellery
 f - an amulet of faith
 g - a ring of magical power
Wands
 a - a wand of digging (6)
Scrolls
 b - 3 scrolls of identify {unknown}
 c - 3 scrolls of teleportation {unknown}
 d - a scroll of brand weapon {unknown}
 e - 2 scrolls of vulnerability {unknown}
 m - a scroll of fog {unknown}
Potions
 j - 2 potions of heal wounds {unknown}
 k - a potion of mutation {unknown}
 l - 2 potions of flight {unknown}
 n - a potion of degeneration {unknown}


   Skills:
 + Level 4.2 Fighting
 * Level 6.4 Axes
 + Level 4.4 Armour
 + Level 4.4 Dodging


You had 6 spell levels left.
You didn't know any spells.
Your spell library was empty.

Dungeon Overview and Level Annotations

Branches:
Dungeon (4/15)
 Temple: D:4-7

Altars:
Ashenzari
Ru
Wu Jian
Xom

Shops:
D:4 *

Annotations:
D:4 Blork the orc


Innate Abilities, Weirdness & Mutations

You are resistant to damage.
You can heal yourself by infusing magical energy.
You passively map a small area around you.
You do not regenerate.


Message History

The hornet stings you but does no damage.
Blork the orc hits you but does no damage.
The hornet stings you!
You feel as though you will be slow longer.
You hit the hornet but do no damage.
Blork the orc begins to cast a cantrip, but forgets the words!
The hornet stings you!
You are more poisoned.
You feel as though you will be slow longer.
Blork the orc closely misses you. The hornet closely misses you.
You barely miss the hornet. You slash the endoplasm!
You kill the endoplasm!
Trog accepts your kill. Blork the orc barely misses you. The hornet stings you.
You are more poisoned.
You feel as though you will be slow longer.
Blork the orc hits you but does no damage.
The hornet stings you.
You feel as though you will be slow longer.
You are too injured to fight recklessly!
You are too injured to fight recklessly!
You are too injured to fight recklessly!
You are too injured to fight recklessly!
You closely miss the hornet.
You feel sick.
Blork the orc hits you from afar with a +0 halberd.
The hornet stings you!
* * * LOW HITPOINT WARNING * * *
You feel as though you will be slow longer.
Blork the orc hits you from afar with a +0 halberd!
* * * LOW HITPOINT WARNING * * *
The hornet stings you!
* * * LOW HITPOINT WARNING * * *
You are more poisoned.
You feel as though you will be slow longer.
You slash the hornet!
The hornet is heavily wounded.
* * * LOW HITPOINT WARNING * * *
You feel extremely sick. Blork the orc barely misses you.
The hornet stings you!
You die...

(#...........#....#
.#...........#....#
.#...........#....#
.#...#.#.....+....#
.#..#...#...)#....#
##....∩......#.[..#
##..#..)#..####...#
.#...#.#...# #...#
.#.....^..## #.@.#
.#.......## #.y.#
.#.......# #.o.#
.#.......# #...#
##..###..# #..##
##>.###..###* #..#
* ...........#
,....,
...........+,,....
, ...........# , ,


You could see a hornet and Blork the orc (fast).

Vanquished Creatures
  Sigmund (D:4)
  A water moccasin (D:4)
  2 ogres (D:3)
  A scorpion (D:4)
  A jelly (D:4)
  3 adders
  4 gnolls
  2 worms
  2 dart slugs
  11 orcs
  6 ball pythons
  3 endoplasms
  5 giant cockroaches
  3 goblins
  4 hobgoblins
  3 quokkas
  2 bats
  4 frilled lizards
  5 kobolds
  4 rats
67 creatures vanquished.

Notes
Turn   | Place    | Note
-------+----------+-------------------------------------------
     0 | D:1      | Dreadrock the Deep Dwarf Berserker began the quest for the
                  | Orb.
     0 | D:1      | Reached XP level 1. HP: 20/20 MP: 1/1
   299 | D:1      | Reached XP level 2. HP: 26/27 MP: 2/2
  1011 | D:2      | Reached XP level 3. HP: 29/33 MP: 3/3
  1041 | D:2      | Reached skill level 4 in Axes
  1457 | D:3      | Reached XP level 4. HP: 42/42 MP: 4/4
  1460 | D:3      | Reached ** piety under Trog
  1462 | D:3      | Found a shimmering altar of Xom.
  1462 | D:3      | Noticed an ogre
  1963 | D:3      | Found a sacrificial altar of Ru.
  1963 | D:3      | Found an ornate altar of the Wu Jian Council.
  1963 | D:3      | Found a broken altar of Ashenzari.
  2028 | D:3      | Killed an ogre
  2029 | D:3      | Reached XP level 5. HP: 39/49 MP: 5/5
  2089 | D:3      | Identified the +6 flail of the Endless March {freeze, Will+
                  | Int+4 Dex+2}
  2122 | D:3      | Found a faded altar of an unknown god.
  2172 | D:3      | Noticed an ogre
  2183 | D:3      | Killed an ogre
  2184 | D:3      | Reached skill level 5 in Axes
  2184 | D:3      | Reached XP level 6. HP: 46/56 MP: 6/6
  2549 | D:4      | Noticed a water moccasin
  2563 | D:4      | Killed a water moccasin
  2925 | D:4      | Found Deraus's Overcharged Wands.
  2928 | D:4      | Noticed Sigmund
  2946 | D:4      | Killed Sigmund
  2947 | D:4      | Reached skill level 6 in Axes
  2947 | D:4      | Reached XP level 7. HP: 36/64 MP: 7/7
  3025 | D:4      | Noticed a hornet
  3026 | D:4      | Noticed Blork the orc
  3035 | D:4      | HP: 1/96 [poisoned by a hornet]
  3035 | D:4      | Slain by a hornet

Illustrated notes

Levels and vault maps discovered:
D:1:      dpeg_arrival_lava_temple_mockup, layout_loops_cross,
          minmay_tetromino_o2
D:2:      layout_basic, minmay_tiny_reverse_x
D:3:      layout_basic, mainiacjoe_overflow_concentric_impassable,
          chequers_temple_overflow_statue_of_worship,
          chequers_ecumenical_altar_simple
D:4:      layout_gridville, gammafunk_ghost_cemetery,
          nicolae_shop_overcharged_wands, uniq_blork_the_orc, uniq_sigmund

Skill      XL: |  1  2  3  4  5  6 |
---------------+-------------------+-----
Fighting       | 3 4 |  4.2
Axes           | 4 5 6 |  6.4
Dodging        | 3 4 |  4.4
Armour         | 3 4 |  4.4

Action                   |  1- 3 |  4- 6 |  7- 9 || total
-------------------------+-------+-------+-------++-------
Melee: Hand axe          |   121 |     7 |       ||   128
       War axe           |       |    76 |    19 ||    95
       Punch             |       |     1 |     1 ||     2
Invok: Berserk           |     2 |     2 |     1 ||     5
 Abil: Heal Wounds       |     4 |     5 |     1 ||    10
Armor: Animal skin       |     5 |       |       ||     5
       Ring mail         |    29 |       |       ||    29
       Chain mail        |       |    32 |    10 ||    42
Dodge: Dodged            |    55 |    49 |    11 ||   115
